 Dungeon Crawl Stone Soup version 0.31-a0-1-g4198be8af4 (webtiles) character file.

Game seed: 14305770664182710630

65 qeuew the Trooper (level 3, -3/29 HPs)
             Began as a Demonspawn Chaos Knight on May 2, 2023.
             Was a Plaything of Xom.
             Slain by a gnoll
             ... wielding a +0 whip
              (8 damage)
             ... on level 2 of the Dungeon.
             The game lasted 00:01:00 (801 turns).

qeuew the Trooper (Demonspawn Chaos Knight)          Turns: 801, Time: 00:01:02

Health: -3/29      AC:  5    Str: 14    XL:     3   Next: 92%
Magic:  3/3        EV: 11    Int: 13    God:    Xom [..*...]
Gold:   42         SH:  0    Dex: 12    Spells: 2/2 levels left

rFire   . . .        a - +0 mace (chaos)
rCold   . . .        (no shield)
rNeg    . . .        b - +2 leather armour
rPois   .            (no helmet)
rElec   .            (no cloak)
rCorr   .            (no gloves)
SInv    .            (no boots)
Will    .....        (no amulet)
Stlth   +            (no ring)
HPRegen 0.24/turn    (no ring)
MPRegen 0.08/turn

%: no passive effects
@: no status effects
A: demonic guardian 1, sturdy frame 1
a: Renounce Religion


You were on level 2 of the Dungeon.
You worshipped Xom.
You were a toy of Xom.
You visited 1 branch of the dungeon, and saw 2 of its levels.

You collected 42 gold pieces.

Inventory:

Hand Weapons
 a - a +0 mace of chaos (weapon)
Armour
 b - a +2 leather armour (worn)
Wands
 d - a wand of digging (6)
Scrolls
 e - 2 scrolls of acquirement {unknown}
Potions
 f - 2 potions of degeneration {unknown}
 g - a potion of brilliance {unknown}
Miscellaneous
 c - a piece from Xom's chessboard (15/15) (quivered)


   Skills:
 + Level 3.3 Fighting
 * Level 3.3 Maces & Flails
 + Level 2.6 Armour
 + Level 1.4 Dodging
 + Level 0.0 Evocations


You had 2 spell levels left.
You didn't know any spells.
Your spell library contained the following spells:

 Spells                   Type           Power      Damage    Failure   Level
 Stone Arrow              Conj/Erth      0%         3d7       67%         3
 Animate Armour           Summ/Erth      0%         N/A       97%         4
 Lehudib's Crystal Spear  Conj/Erth      0%         10d2      100%        8


Dungeon Overview and Level Annotations

Branches:
Dungeon (2/15)

Altars:


Innate Abilities, Weirdness & Mutations

A weak demonic guardian rushes to your aid.
Your movements are slightly less encumbered by armour. (ER -2)


Message History

You hit the gnoll.
The gnoll is moderately wounded.
The gnoll hits you with a +0 spear.
There are no items here.
You barely miss the gnoll.
The gnoll is moderately wounded.
The gnoll closely misses you.
You sock the gnoll!
The gnoll goes berserk!
The gnoll is severely wounded.
The gnoll hits you with a +0 whip. The gnoll closely misses you.
The gnoll hits you from afar with a +0 halberd.
The gnoll hits you with a +0 whip!
You are too injured to fight recklessly!
You are too injured to fight recklessly!
You are too injured to fight recklessly!
You are too injured to fight recklessly!
You are too injured to fight recklessly!
You are too injured to fight recklessly!
You are too injured to fight recklessly!
You are too injured to fight recklessly!
You are too injured to fight recklessly!
You are too injured to fight recklessly!
You are too injured to fight recklessly!
You are too injured to fight recklessly!
Unknown command.
You closely miss the gnoll.
The gnoll is severely wounded.
The gnoll hits you with a +0 whip.
The gnoll hits you from afar with a +0 spear.
The gnoll closely misses you. The gnoll hits you with a +0 whip.
* * * LOW HITPOINT WARNING * * *
Unknown command.
You barely miss the gnoll. You punch the gnoll, but do no damage.
The gnoll is severely wounded.
The gnoll hits you from afar with a +0 spear.
* * * LOW HITPOINT WARNING * * *
The gnoll hits you from afar with a +0 halberd.
* * * LOW HITPOINT WARNING * * *
A demonic guardian appears!
The gnoll hits you with a +0 whip!
You die...

#. #. .# #. .# #. .#
#(..# #.##.### #...#
#.####gg....####...#####
#..<...g..#.../........#
#.@................
##...##...........
#.5.....# ##...# #
#.##.#### #<..#
#.##.##.# #...#
#.......# #...#
####†#### ##.## ###
#.####### #.)##...
#.......#####.......


You could see 3 gnolls and a friendly shadow imp (summoned).

Vanquished Creatures
  Jessica (D:2)
  3 giant cockroaches
  4 goblins (D:1)
  A hobgoblin (D:1)
  8 jackals (D:1)
  3 quokkas (D:1)
  3 ball pythons (D:1)
  3 bats (D:1)
  2 frilled lizards
  4 kobolds (D:1)
  3 rats
35 creatures vanquished.

Notes
Turn   | Place    | Note
-------+----------+-------------------------------------------
     0 | D:1      | qeuew the Demonspawn Chaos Knight began the quest for the
                  | Orb.
     0 | D:1      | Reached XP level 1. HP: 18/18 MP: 1/1
   166 | D:1      | XOM: potion effect (invisibility)
   168 | D:1      | Reached skill level 1 in Dodging
   226 | D:1      | XOM: potion effect (might)
   230 | D:1      | Gained mutation: Your movements are slightly less
                  | encumbered by armour. (ER -2) [demonic ancestry]
   230 | D:1      | Reached XP level 2. HP: 23/24 MP: 2/2
   233 | D:1      | XOM: potion effect (curing)
   393 | D:1      | XOM: silly message
   402 | D:1      | Gained mutation: A weak demonic guardian rushes to your
                  | aid. [demonic ancestry]
   402 | D:1      | Reached XP level 3. HP: 26/29 MP: 3/3
   492 | D:1      | XOM: noise
   657 | D:1      | XOM: cloud trail
   736 | D:2      | Noticed Jessica
   741 | D:2      | Killed Jessica
   801 | D:2      | Slain by a gnoll

Illustrated notes

Levels and vault maps discovered:
D:1:      ncdulo_halloftheorcs, layout_basic, st_stairs_9
D:2:      layout_loops_cross, hellmonk_ecumenical_altar_arch_garden,
          minmay_misc_feat_doors, uniq_jessica

Skill      XL: |  1  2 |
---------------+-------+-----
Dodging        | 1 |  1.4
Armour         | 2 |  2.6
Maces & Flails | 3 |  3.3
Fighting       | |  3.3

Action                     || total
---------------------------++-------
  Melee: Mace              ||    97
         Punch             ||     2
    Use: Potion            ||     2
         Scroll            ||     1
   Stab: Invisible         ||     1
 Armour: Leather armour    ||    69
  Dodge: Dodged            ||   100

Table legend: (Time is in decaauts)
 A = Elapsed time spent in this place.
 B = Non-inter-level travel time spent in this place.
 C = Inter-level travel time spent in this place.
 D = Time resting spent in this place.
 E = Time spent auto-exploring this place.
 F = Levels seen in this place.
 G = Mean time per level.
                   A        B        C        D        E       F      G
               +--------+--------+--------+--------+--------+-----+--------+
         Total |    823 |    780 |     43 |      0 |    584 |   2 |  411.5 |
       Dungeon |    823 |    780 |     43 |      0 |    584 |   2 |  411.5 |
               +--------+--------+--------+--------+--------+-----+--------+

Top non-repeatable levels by time:
     D:1: 755 daAuts
     D:2: 68 daAuts
